 Dungeon Crawl Stone Soup version 0.30-a0-142-g7370640ec8 (webtiles) character file.

Game seed: 10531957208480620116

10 qw the Shield-Bearer (level 2, -2/19 HPs)
             Began as a Gargoyle Fighter on Sept 25, 2022.
             Frozen to death by an endoplasm (4 damage)
             ... on level 1 of the Dungeon.
             The game lasted 00:00:07 (258 turns).

qw the Shield-Bearer (Gargoyle Fighter)              Turns: 258, Time: 00:00:08

Health: -2/19      AC:  9    Str: 19    XL:     2   Next: 20%
Magic:  2/2        EV:  9    Int:  8    God:
Gold:   36         SH:  4    Dex:  9    Spells: 1/1 levels left

rFire   . . .      SeeInvis .    a - +0 war axe
rCold   . . .      Faith    .    c - +0 buckler
rNeg    + . .      Spirit   .    b - +0 scale mail
rPois   inf        Reflect  .    (no helmet)
rElec   +          Harm     .    (no cloak)
rCorr   .          Rampage  .    (no gloves)
Will    .....                    (no boots)
Stlth   ..........               (no amulet)
HPRegen 0.06/turn                (no ring)
MPRegen 0.08/turn                (no ring)

@: very slow
A: sickness immunity, AC +2, negative energy resistance 1, electricity
resistance, torment resistance 1, petrification resistance
a: no special abilities


You were on level 1 of the Dungeon.
You visited 1 branch of the dungeon, and saw 1 of its levels.

You collected 36 gold pieces.


Innate Abilities, Weirdness & Mutations

You are immune to sickness and miasma.
Your stone body is resilient. (AC +2)
You are immune to poison.
You resist negative energy. (rN+)
You are resistant to electric shocks. (rElec)
You are resistant to unholy torment.
You are immune to petrification.


   Skills:
 - Level 3.2 Fighting
 + Level 2.5 Axes
 - Level 3.2 Armour
 - Level 3.2 Shields


You had one spell level left.
You didn't know any spells.
Your spell library was empty.

Inventory:

Hand Weapons
 a - a +0 war axe (weapon)
 g - a +0 whip
Armour
 b - a +0 scale mail (worn)
 c - a +0 buckler (worn)
 h - a +0 pair of boots
 i - a +0 chain mail
 j - a +0 cloak
Scrolls
 f - a scroll of enchant armour {unknown}
 k - a scroll of identify {unknown}
Potions
 d - a potion of might
 e - a potion of heal wounds {unknown}

Dungeon Overview and Level Annotations

Branches:
Dungeon (1/15)

Altars:


Message History

You enter the shallow water.
Moving in this stuff is going to be slow.
An endoplasm comes into view.
The endoplasm quivers.
Enter note: The endoplasm hits you but does no damage.
The endoplasm splashes around in the water.
Your unstable footing causes you to fumble your attack.
The endoplasm barely misses you.
You barely miss the endoplasm. You hit the plant but do no damage.
The endoplasm freezes you.
You are frozen.
The endoplasm splashes around in the water.
Your unstable footing causes you to fumble your attack.
You block the endoplasm's attack.
You hit the endoplasm but do no damage. You hit the plant.
The plant begins to die.
The endoplasm hits you but does no damage.
You block the endoplasm's attack.
Your unstable footing causes you to fumble your attack.
The endoplasm freezes you.
You are frozen.
You hit the endoplasm but do no damage. You hit the plant.
The endoplasm jiggles.
The endoplasm freezes you.
You are frozen.
You completely miss the endoplasm. You hit the plant.
A nearby plant withers and dies.
The endoplasm hits you but does no damage.
The endoplasm freezes you.
You are frozen.
You hit the endoplasm.
The endoplasm is heavily wounded.
The endoplasm freezes you.
You are frozen.
Your unstable footing causes you to fumble your attack.
You block the endoplasm's attack. The endoplasm freezes you.
You are frozen.
You die...

#.########.### #.
#............#..
#######~.###.#.#7
7 #...~7~..#
..~77P~
#.##.~~~.##~7~P~
#~~~P.#~7~~7 7
##P...P7PP~7~~~
#####~~~~~~P~~
#7@~P~~P~~
#J~P~7~~~
..77~~P7~ ##.#
7P~~~ #.) ~7~7
### ~ P .


You could see an endoplasm.

Vanquished Creatures
  A dart slug (D:1)
  2 jackals (D:1)
  4 bats (D:1)
7 creatures vanquished.

Vanquished Creatures (others)
  3 plants (D:1)
3 creatures vanquished.

Grand Total: 10 creatures vanquished

Notes
Turn   | Place    | Note
-------+----------+-------------------------------------------
     0 | D:1      | qw the Gargoyle Fighter began the quest for the Orb.
     0 | D:1      | Reached XP level 1. HP: 14/14 MP: 1/1
     0 | D:1      | 0 ||| qw: Version: 0.2-a-10-g399e6c4
     0 | D:1      | 0 ||| qw: Game counter: 411
     0 | D:1      | 0 ||| qw: Always use a shield: true
     0 | D:1      | 0 ||| qw: God list: Okawaru
     0 | D:1      | 0 ||| qw: Allow faded altars: false
     0 | D:1      | 0 ||| qw: Do Orc after D:15 true
     0 | D:1      | 0 ||| qw: Do second Lair branch before Depths: true
     0 | D:1      | 0 ||| qw: Lair rune preference: random
     0 | D:1      | 0 ||| qw: Plans: Normal, Zot:1-4, God:TSO, Crypt, Tomb,
                  | Pan, Slime:5, Hells, Abyss, Orb
     0 | D:1      | 0 ||| PLANNING D:1-11
    33 | D:1      | 33 ||| Stepping ~*~*~tactically~*~*~ (water).
   129 | D:1      | Reached XP level 2. HP: 19/19 MP: 2/2
   257 | D:1      | HP: 2/19 [frozen (4)]
   258 | D:1      | Frozen to death by an endoplasm

Levels and vault maps discovered:
D:1:      nicolae_arrival_memento_mori, layout_loops_ring, serial_bayou,
          serial_bayou_pond_c, serial_bayou_shore_a, serial_bayou_shore_b,
          serial_bayou_pond_d, serial_bayou_lake_a, serial_bayou_crossing

Skill      XL: |  1 |
---------------+----+-----
Axes           | 2 |  2.5
Fighting       | |  3.2
Armour         | |  3.2
Shields        | |  3.2

Action                   || total
-------------------------++-------
Melee: War axe           ||    33
Armor: Scale mail        ||    19
Dodge: Dodged            ||    21
Block: Buckler           ||     8

Table legend:
 A = Non-vault XP
 B = Vault XP
 C = Vault XP percentage of total XP
 D = Non-vault monster count
 E = Vault monster count
 F = Vault count percentage of total count
                 A         B        C        D         E       F
            +---------+---------+-------+---------+---------+-------
      Total |      15 |       0 |   0.0 |       7 |       0 |   0.0
            +---------+---------+-------+---------+---------+-------
        D:1 |      15 |       0 |   0.0 |       7 |       0 |   0.0
            +---------+---------+-------+---------+---------+-------
